 Dungeon Crawl Stone Soup version 0.23.2-30-g0e89c35649 (webtiles) character file.

Game seed: 9424882396210848910

239 Solarlg the Skirmisher (level 5, -1/72 HPs)
             Began as a Draconian Berserker on June 10, 2019.
             Was a Priest of Trog.
             Splashed by Ijyb's acid (13 damage)
             ... on level 3 of the Dungeon.
             The game lasted 00:08:50 (2239 turns).

Solarlg the Skirmisher (Draconian Berserker)        Turns: 2239, Time: 00:08:50

Health: -1/72      AC:  2    Str: 25    XL:     5   Next: 79%
Magic:  5/5        EV:  8    Int:  7    God:    Trog [***...]
Gold:   160        SH: 12    Dex: 11    Spells: 4/4 levels left

rFire    . . .     SeeInvis .   a - +0 hand axe
rCold    . . .     Gourm    .   t - +0 large shield
rNeg     . . .     Faith    .   (armour unavailable)
rPois    .         Spirit   .   (helmet restricted)
rElec    .         Reflect  .   q - scarf {cloud immunity}
rCorr    .         Harm     .   f - +0 pair of gloves
MR       ++...                  (no boots)
Stlth    ..........             (no amulet)
HPRegen  1.22/turn              (no ring)
MPRegen  0.09/turn              (no ring)

@: berserking, corroded, regenerating, very quick
A: unfitting armour, cold-blooded, AC +5
a: Berserk, Trog's Hand, Renounce Religion


You were on level 3 of the Dungeon.
You worshipped Trog.
Trog was most pleased with you.
You were very hungry.

You visited 1 branch of the dungeon, and saw 3 of its levels.

You collected 160 gold pieces.

Inventory:

Hand Weapons
 a - a +0 hand axe (weapon)
Armour
 f - a +0 pair of gloves (worn)
 q - a scarf of cloud immunity (worn)
 t - a +0 large shield (worn)
Jewellery
 h - an uncursed ring of poison resistance {unknown}
 k - an uncursed amulet of regeneration {unknown}
Scrolls
 c - 3 scrolls of remove curse {unknown}
 e - 2 scrolls of immolation {unknown}
 g - 4 scrolls of identify {unknown}
 j - 2 scrolls of enchant armour {unknown}
 l - a scroll of enchant weapon {unknown}
 n - a scroll of blinking {unknown}
Potions
 d - a potion of lignification {unknown}
 i - 2 potions of curing {unknown}
 m - a potion of heal wounds
 o - 2 potions of might {unknown}
 p - a potion of magic {unknown}
 r - a potion of resistance {unknown}
Comestibles
 b - 4 rations
 s - a chunk of flesh


   Skills:
 + Level 5.5 Fighting
 * Level 5.0 Axes
 - Level 2.8 Dodging
 + Level 0.0 Shields


You had 4 spell levels left.
You didn't know any spells.
Your spell library was empty.

Dungeon Overview and Level Annotations

Branches:
Dungeon (3/15)

Altars:
Cheibriados
Nemelex Xobeh
Qazlal
Trog

Annotations:
D:3 Ijyb


Innate Abilities, Weirdness & Mutations

Your plain brown scales are hard. (AC +5)
You cannot fit into any form of body armour.
You are cold-blooded and may be slowed by cold attacks.


Message History

You are too injured to fight recklessly!
You hit Ijyb.
Ijyb is moderately wounded.
You block Ijyb's attack.
You hit Ijyb but do no damage.
Ijyb is moderately wounded.
You barely miss Ijyb.
Ijyb is moderately wounded.
You block Ijyb's attack.
You hit Ijyb but do no damage.
Your tail-slap misses Ijyb.
Ijyb is moderately wounded.
You block Ijyb's attack.
You hit Ijyb.
Ijyb is moderately wounded.
You closely miss Ijyb.
Ijyb is moderately wounded.
Ijyb zaps a wand.
The bolt of acid hits you!
* * * LOW HITPOINT WARNING * * *
You are splashed with acid!
You die...

#.. #.. ######..
#....... #.#####. #.#
##..
##################.#
#...
#......g...........#
#...
....g...##@#########.#
#'##
###.#...##...........#
#.## #
################.####รท.
###..()### #(........
#.##..)... #.#####>##
#.# #.## #.# #.##


You could see Ijyb.

Vanquished Creatures
  A phantom (D:2)
  Terence (D:1)
  3 gnolls (D:2)
  An ooze (D:3)
  2 worms
  2 dart slugs (D:1)
  6 leopard geckos
  An orc (D:3)
  A ball python (D:2)
  9 bats
  6 giant cockroaches
  8 goblins
  11 hobgoblins
  2 jackals (D:2)
  2 quokkas
  6 frilled lizards
  6 kobolds
  11 rats
79 creatures vanquished.

Notes
Turn   | Place    | Note
-------+----------+-------------------------------------------
     0 | D:1      | Solarlg the Draconian Berserker began the quest for the
                  | Orb.
     0 | D:1      | Reached XP level 1. HP: 19/19 MP: 1/1
    55 | D:1      | Reached XP level 2. HP: 25/26 MP: 2/2
   429 | D:1      | Reached XP level 3. HP: 33/33 MP: 3/3
   442 | D:1      | Reached ** piety under Trog
   790 | D:2      | Noticed Terence
   802 | D:1      | Killed Terence
   821 | D:2      | Reached XP level 4. HP: 36/41 MP: 4/4
   887 | D:2      | Found a snail-covered altar of Cheibriados.
  1027 | D:2      | Found a stormy altar of Qazlal.
  1243 | D:2      | Noticed a phantom
  1261 | D:2      | Killed a phantom
  1261 | D:2      | Reached skill level 5 in Fighting
  1261 | D:2      | Reached XP level 5. HP: 48/48 MP: 5/5
  1333 | D:2      | Found a sparkling altar of Nemelex Xobeh.
  1956 | D:3      | Found a bloodstained altar of Trog.
  1977 | D:3      | Reached *** piety under Trog
  1978 | D:3      | Reached skill level 5 in Axes
  2224 | D:3      | Noticed Ijyb
  2239 | D:3      | Splashed by Ijyb's acid

Skill      XL: |  1  2  3  4  5 |
---------------+----------------+-----
Fighting       | 4 5 |  5.5
Axes           | 4 5 |  5.0
Dodging        | |  2.8

Action                   |  1- 3 |  4- 6 || total
-------------------------+-------+-------++-------
Melee: Hand axe          |   101 |   124 ||   225
       Tailslap          |     8 |    16 ||    24
Invok: Berserk           |     2 |     3 ||     5
       Trog's Hand       |       |     1 ||     1
  Use: Potion            |       |     1 ||     1
 Stab: Sleeping          |       |     1 ||     1
  Eat: Chunk             |     1 |     7 ||     8
Armor: Skin              |    33 |    25 ||    58
Dodge: Dodged            |    73 |    88 ||   161
Block: Large shield      |       |     5 ||     5
